 Dungeon Crawl Stone Soup version 0.27-a0-1448-g9c78c815f3 (webtiles) character file.

Game seed: 16048859570548551017

44 Animzor the Caller (level 3, -7/14 HPs)
             Began as a Felid Summoner on July 5, 2021.
             Was a Follower of Fedhas.
             Mangled by a gnoll (11 damage)
             ... on level 2 of the Dungeon.
             The game lasted 00:12:06 (2495 turns).

Animzor the Caller (Felid Summoner)                 Turns: 2495, Time: 00:12:06

Health: -7/14      AC:  1    Str:  4    XL:     3   Next: 39%
Magic:  7/7        EV: 17    Int: 17    God:    Fedhas [*.....]
Gold:   83         SH:  0    Dex: 16    Spells: 4/7 levels left
                                        Lives:  0   Deaths: 0

rFire    . . .     SeeInvis +   (weapon unavailable)
rCold    . . .     Faith    .   (shield unavailable)
rNeg     . . .     Spirit   .   (armour unavailable)
rPois    +         Reflect  .   (helmet unavailable)
rElec    .         Harm     .   (cloak unavailable)
rCorr    .         Rampage  .   (gloves unavailable)
Will     .....                  (boots unavailable)
Stlth    ++........             e - amulet of magic regeneration
HPRegen  0.04/turn              f - ring of poison resistance
MPRegen  0.35/turn              (no ring)

@: quick
A: very small, claws 1, fangs 3, see invisible, speed 1, shaggy fur 1, stealthy
paws, no weapons or thrown items, no armour, multi-lived
a: Renounce Religion


You were on level 2 of the Dungeon.
You worshipped Fedhas.
Fedhas was aware of your devotion.
You visited 1 branch of the dungeon, and saw 2 of its levels.

You collected 83 gold pieces.

Inventory:

Hand Weapons
 c - a +0 vorpal dagger
Armour
 a - a +0 ring mail
 b - a +0 cloak
Jewellery
 e - an amulet of magic regeneration (around neck)
 f - a ring of poison resistance (left paw)
Scrolls
 d - a scroll of enchant armour {unknown}
 g - a scroll of fog
 h - a scroll of identify {unknown}


   Skills:
 + Level 2.9 Dodging
 + Level 2.7 Stealth
 + Level 0.8 Unarmed Combat
 + Level 2.5 Spellcasting
 + Level 4.6 Summonings


You had 4 spell levels left.
You knew the following spells:

 Your Spells              Type           Power      Damage    Failure   Level
a - Summon Small Mammal   Summ           68%        N/A       2%          1
b - Call Imp              Summ           17%        N/A       4%          2

Your spell library contained the following spells:

 Spells                   Type           Power      Damage    Failure   Level
 Call Canine Familiar     Summ           17%        N/A       9%          3
 Summon Guardian Golem    Hex/Summ       10%        N/A       22%         3
 Ozocubu's Armour         Ice            2%         N/A       50%         3
 Summon Lightning Spire   Summ/Air       10%        N/A       56%         4
 Ice Form                 Ice/Tmut       2%         N/A       88%         4
 Manifold Assault         Tloc           2%         N/A       99%         5


Dungeon Overview and Level Annotations

Branches:
Dungeon (2/15)

Altars:
Fedhas


Innate Abilities, Weirdness & Mutations

You have sharp claws.
You have razor-sharp teeth.
You have supernaturally acute eyesight. (SInv)
You cover ground quickly. (Speed+)
You are covered in fur. (AC +1)
Your paws help you pounce on unaware monsters.
You are incapable of wielding weapons or throwing items.
You cannot wear armour.
You gain extra lives every three experience levels.


Message History

Press: ? - help, Q - select action, (/) - cycle Dir - look around, f - activate Your rat disappears in a puff of smoke!
The gnoll barely misses your quokka.
Your quokka barely misses the gnoll.
Casting: Summon Small Mammal (safe; 2% risk of failure)
Press: ? - help, Q - select action, (/) - cycle Dir - look around, f - activate Your quokka disappears in a puff of smoke!
Your quokka closely misses the gnoll.
The gnoll barely misses your quokka.
Casting: Summon Small Mammal (safe; 2% risk of failure)
Press: ? - help, Q - select action, (/) - cycle Dir - look around, f - activate Your quokka disappears in a puff of smoke!
Your rat bites the gnoll but does no damage.
You swap places.
Your quokka bites the gnoll.
You swap places.
Your rat bites the gnoll.
The gnoll hits your quokka with a +0 halberd.
Your quokka dies!
Your quokka's corpse disappears in a puff of smoke!
Your quokka completely misses the gnoll.
Your bat hits the gnoll but does no damage.
Your rat bites the gnoll but does no damage.
The gnoll barely misses your rat.
Your bat barely misses the gnoll.
Your quokka bites the gnoll.
Your rat bites the gnoll but does no damage.
The gnoll misses your quokka.
Your bat hits the gnoll.
The gnoll dies!
Fedhas appreciates your contribution to the ecosystem.
The gnoll closely misses your rat.
Casting: Summon Small Mammal (safe; 2% risk of failure)
Press: ? - help, Q - select action, (/) - cycle Dir - look around, f - activate
Casting: Summon Small Mammal (safe; 2% risk of failure)
Press: ? - help, Q - select action, (/) - cycle Dir - look around, f - activate Your bat disappears in a puff of smoke!
Your quokka disappears in a puff of smoke!
The gnoll completely misses you.
The gnoll hits you from afar with a +0 halberd!
Ouch! That really hurt!
* * * LOW HITPOINT WARNING * * *
The gnoll hits you from afar with a +0 halberd!
Ouch! That really hurt!
You die...
Fedhas appreciates your contribution to the ecosystem.

........>........#.#
#######.#.....####.#
#............# #####
###.#.#.###### ....#
#.....# ###.#
###.### #.# #.#
#.############.#
###...........gr@#
....##############
###.# #.# #.# #.#
..# ###


You could see a gnoll and a friendly quokka (summoned).

Vanquished Creatures
  A worm (D:2)
  A dart slug (D:1)
  A giant cockroach (D:1)
  2 hobgoblins (D:1)
  A jackal (D:1)
  A quokka (D:1)
  A bat (D:1)
  2 rats (D:1)
10 creatures vanquished.

Vanquished Creatures (collateral kills)
  A gnoll (D:2)
  A worm (D:2)
  4 dart slugs
  2 endoplasms
  2 giant cockroaches
  4 goblins
  5 hobgoblins
  2 jackals (D:1)
  3 quokkas (D:1)
  2 ball pythons (D:1)
  A bat (D:1)
  2 frilled lizards
  2 rats (D:1)
31 creatures vanquished.

Grand Total: 41 creatures vanquished

Notes
Turn   | Place    | Note
-------+----------+-------------------------------------------
     0 | D:1      | Animzor the Felid Summoner began the quest for the Orb.
     0 | D:1      | Reached XP level 1. HP: 7/7 MP: 4/4
   293 | D:1      | Reached XP level 2. HP: 11/11 MP: 6/6
   320 | D:1      | Found a faded altar of an unknown god.
   362 | D:1      | Became a worshipper of Fedhas Madash
   362 | D:1      | Reached * piety under Fedhas
  1215 | D:1      | Got the Grimoire of Ice and the Traveller
  1220 | D:1      | Learned a level 2 spell: Call Imp
  2126 | D:2      | Reached XP level 3. HP: 14/14 MP: 7/7
  2495 | D:2      | Mangled by a gnoll

Illustrated notes

Levels and vault maps discovered:
D:1:      dpeg_arrival_pits, layout_basic, basic_ecumenical_altar
D:2:      layout_loops_ring, minmay_tromino_v4_a

Action                   || total
-------------------------++-------
Melee: Unarmed           ||    47
       Bite              ||     6
 Cast: Summon Small Mamm ||    94
  Use: Scroll            ||     3
       Potion            ||     3
 Stab: Sleeping          ||     1
Armor: Skin              ||     1
Dodge: Dodged            ||    53

Table legend: (Time is in decaauts)
 A = Elapsed time spent in this place.
 B = Non-inter-level travel time spent in this place.
 C = Inter-level travel time spent in this place.
 D = Time resting spent in this place.
 E = Time spent auto-exploring this place.
 F = Levels seen in this place.
 G = Mean time per level.
                   A        B        C        D        E       F      G
               +--------+--------+--------+--------+--------+-----+--------+
         Total |   2191 |   2191 |      0 |      0 |   1030 |   2 | 1095.5 |
       Dungeon |   2191 |   2191 |      0 |      0 |   1030 |   2 | 1095.5 |
               +--------+--------+--------+--------+--------+-----+--------+

Top non-repeatable levels by time:
     D:1: 1856 daAuts
     D:2: 334 daAuts
